3L
SEATTLE AVIATORS @ OAKLAND OAKS
07/27/2029
 
TOP OF THE 1ST
Seattle Aviators batting - Pitching for Oakland Oaks : RHP Dave Stephenson
Pitching: RHP Dave Stephenson
Batting: LHB Jorge Ortíz 0-0: Ball
1-0: Called Strike
1-1: Called Strike
1-2: Foul Ball, location: 2F
1-2: Ball
2-2: Ball
3-2: Base on Balls
Batting: RHB José Rodríguez 0-0: Ball
1-0: Ball
2-0: Foul Ball, location: 2F
2-1: Ground out 4-3 (Groundball, 34)
Jorge Ortíz to second
Batting: LHB Jorge Mojica 0-0: SINGLE (Line Drive, 9S)
Jorge Ortíz to third
Runner from 3rd tries for Home, throw and OUT!
Jorge Mojica to second
Batting: LHB Kenny Webster 0-0: Foul Ball, location: 2F
0-1: Ball
1-1: Called Strike
1-2: Fly out, F8 (Flyball, 8LS)
Top of the 1st over - 0 runs, 1 hit, 0 errors, 1 left on base; Seattle 0 - Oakland 0
BOTTOM OF THE 1ST
Oakland Oaks batting - Pitching for Seattle Aviators : LHP Bernie Sanders
Pitching: LHP Bernie Sanders
Batting: RHB Mike Wazowski 0-0: Ball
1-0: Foul Ball, location: 2F
1-1: Called Strike
1-2: Strikes out looking
Batting: LHB Edwin Church 0-0: Ball
1-0: Ground out U3 (Groundball, 23)
Batting: RHB Yehonatan Chazan 0-0: Ball
1-0: Fly out, F8 (Flyball, 78D)
Bottom of the 1st over - 0 runs, 0 hits, 0 errors, 0 left on base; Seattle 0 - Oakland 0
TOP OF THE 2ND
Seattle Aviators batting - Pitching for Oakland Oaks : RHP Dave Stephenson
Batting: RHB Patrick Eggen 0-0: Ball
1-0: Ground out 6-3 (Groundball, 6)
Batting: RHB Seon-keun Kim 0-0: Ball
1-0: Called Strike
1-1: Fly out, F8 (Flyball, 8LM)
Batting: LHB Pedro Corona 0-0: Ball
1-0: Called Strike
1-1: Foul Ball, location: 2F
1-2: Ball
2-2: Ball
3-2: Base on Balls
Batting: RHB Byron Isaacson 0-0: Foul Ball, location: 2F
0-1: Fielders Choice at 2nd, 5-4 (Groundball, 56)
Top of the 2nd over - 0 runs, 0 hits, 0 errors, 1 left on base; Seattle 0 - Oakland 0
BOTTOM OF THE 2ND
Oakland Oaks batting - Pitching for Seattle Aviators : LHP Bernie Sanders
Batting: LHB Todd Henry 0-0: Called Strike
0-1: Ball
1-1: Swinging Strike
1-2: Foul Ball, location: 2F
1-2: Fly out, F8 (Flyball, 78D)
Batting: RHB Joseph Papasogli 0-0: Ball
1-0: Ball
2-0: Ball
3-0: Base on Balls
Batting: SHB Luis Luquín 0-0: Ball
Joseph Papasogli steals 2nd base
1-0: SINGLE (Groundball, 56D)
Joseph Papasogli to third
Runner from 3rd tries for Home, SAFE, throw made home
Batting: RHB Tetsunori Kimura 0-0: Ball
1-0: Swinging Strike
1-1: Ball
2-1: Grounds into double play, 4-6-3 (Groundball, 34)
Bottom of the 2nd over - 1 run, 1 hit, 0 errors, 0 left on base; Seattle 0 - Oakland 1
TOP OF THE 3RD
Seattle Aviators batting - Pitching for Oakland Oaks : RHP Dave Stephenson
Batting: RHB Bartolo Rosas 0-0: Ball
1-0: SINGLE (Line Drive, 89S)
Batting: LHB Jorge Ortíz 0-0: Ball
1-0: Fly out, F7 (Flyball, 7S)
Batting: RHB José Rodríguez 0-0: Ball
1-0: Swinging Strike
1-1: Called Strike
Bartolo Rosas steals 2nd base
1-2: Ground out 5-3 (Groundball, 25)
Bartolo Rosas to third
Batting: LHB Jorge Mojica 0-0: Ball
1-0: Ball
2-0: Ball
3-0: Base on Balls
Batting: LHB Kenny Webster 0-0: Called Strike
0-1: Swinging Strike
0-2: Foul Ball, location: 2F
0-2: SINGLE (Flyball, 8RS)
Bartolo Rosas scores
Jorge Mojica to second
Batting: RHB Patrick Eggen 0-0: Called Strike
0-1: Ball
Wild Pitch!
Jorge Mojica to third
Kenny Webster to second
1-1: Ball
2-1: Ball
3-1: Foul Ball, location: 2F
3-2: Base on Balls
Batting: RHB Seon-keun Kim 0-0: Foul Ball, location: 2F
0-1: Ball
1-1: Ball
2-1: Foul Ball, location: 2F
2-2: Foul Ball, location: 2F
2-2: Foul Ball, location: 2F
2-2: Fly out, F8 (Flyball, 8LM)
Top of the 3rd over - 1 run, 2 hits, 0 errors, 3 left on base; Seattle 1 - Oakland 1
BOTTOM OF THE 3RD
Oakland Oaks batting - Pitching for Seattle Aviators : LHP Bernie Sanders
Batting: LHB David Holbrook 0-0: Ball
1-0: Swinging Strike
1-1: Ball
2-1: Fly out, F8 (Flyball, 8LM)
Batting: LHB Jesús Quintanilla 0-0: Ball
1-0: Called Strike
1-1: Foul Ball, location: 2F
1-2: Ball
2-2: Ground out 4-3 (Groundball, 4)
Batting: RHB Mike Wazowski 0-0: Ball
1-0: Foul Ball, location: 2F
1-1: Swinging Strike
1-2: Foul Ball, location: 2F
1-2: Strikes out looking
Bottom of the 3rd over - 0 runs, 0 hits, 0 errors, 0 left on base; Seattle 1 - Oakland 1
TOP OF THE 4TH
Seattle Aviators batting - Pitching for Oakland Oaks : RHP Dave Stephenson
Batting: LHB Pedro Corona 0-0: Ball
1-0: Ground out 5-3 (Groundball, 56)
Batting: RHB Byron Isaacson 0-0: Ball
1-0: Swinging Strike
1-1: Ball
2-1: Ball
3-1: Base on Balls
Batting: RHB Bartolo Rosas 0-0: Called Strike
0-1: SINGLE (Line Drive, 56)
Byron Isaacson to second
Batting: LHB Jorge Ortíz 0-0: Ball
1-0: Foul Ball, location: 2F
1-1: DOUBLE (Line Drive, 89M)
Byron Isaacson scores
Bartolo Rosas to third
Runner from 3rd tries for Home, SAFE, no throw
Batting: RHB José Rodríguez 0-0: Ball
Jorge Ortíz steals 3rd base
1-0: Called Strike
1-1: Ball
2-1: Called Strike
2-2: Strikes out looking
Batting: LHB Jorge Mojica 0-0: Called Strike
0-1: Ball
1-1: SINGLE (Groundball, 4D)
Jorge Ortíz scores
Batting: LHB Kenny Webster 0-0: Ball
1-0: Ball
2-0: Called Strike
2-1: Ball
3-1: Foul Ball, location: 2F
3-2: Foul Ball, location: 2F
3-2: Base on Balls
Jorge Mojica to second
Batting: RHB Patrick Eggen 0-0: Called Strike
0-1: Ball
1-1: Fly out, F8 (Flyball, 8LD)
Top of the 4th over - 3 runs, 3 hits, 0 errors, 2 left on base; Seattle 4 - Oakland 1
BOTTOM OF THE 4TH
Oakland Oaks batting - Pitching for Seattle Aviators : LHP Bernie Sanders
Batting: LHB Edwin Church 0-0: Ball
1-0: Called Strike
1-1: Ball
2-1: Foul Ball, location: 2F
2-2: Strikes out swinging
Batting: RHB Yehonatan Chazan 0-0: Fly out, F7 (Flyball, 7)
Batting: LHB Todd Henry 0-0: Called Strike
0-1: Foul Ball, location: 2F
0-2: Strikes out looking
Bottom of the 4th over - 0 runs, 0 hits, 0 errors, 0 left on base; Seattle 4 - Oakland 1
TOP OF THE 5TH
Seattle Aviators batting - Pitching for Oakland Oaks : RHP Dave Stephenson
Batting: RHB Seon-keun Kim 0-0: Ball
1-0: Swinging Strike
1-1: Ball
2-1: Swinging Strike
2-2: Ball
3-2: Foul Ball, location: 2F
3-2: Foul Ball, location: 2F
3-2: Ground out 3-1 (Groundball, 34)
Pitching: RHP Seb Alport
Batting: LHB Pedro Corona 0-0: Ball
1-0: Fly out, F8 (Line Drive, 78M)
Batting: RHB Byron Isaacson 0-0: Ball
1-0: Ball
2-0: Ball
3-0: Called Strike
3-1: Called Strike
3-2: Base on Balls
Batting: RHB Bartolo Rosas 0-0: Foul Ball, location: 2F
0-1: Ball
1-1: Foul Ball, location: 2F
1-2: Reached via error on a dropped throw, E1
Byron Isaacson to second
Batting: LHB Jorge Ortíz 0-0: Called Strike
0-1: Swinging Strike
0-2: Foul Ball, location: 2F
0-2: Fly out, F5 (Popup, 56)
Top of the 5th over - 0 runs, 0 hits, 1 error, 2 left on base; Seattle 4 - Oakland 1
BOTTOM OF THE 5TH
Oakland Oaks batting - Pitching for Seattle Aviators : LHP Bernie Sanders
Batting: RHB Joseph Papasogli 0-0: Ball
1-0: Called Strike
1-1: Ball
2-1: Ground out 5-3 (Groundball, 56S)
Batting: SHB Luis Luquín 0-0: Ball
1-0: Swinging Strike
1-1: Ball
2-1: Swinging Strike
2-2: Fly out, F9 (Line Drive, 9LM)
Batting: RHB Tetsunori Kimura 0-0: Swinging Strike
0-1: Ball
1-1: Swinging Strike
1-2: Ball
2-2: Ground out 5-3 (Groundball, 56)
Bottom of the 5th over - 0 runs, 0 hits, 0 errors, 0 left on base; Seattle 4 - Oakland 1
TOP OF THE 6TH
Seattle Aviators batting - Pitching for Oakland Oaks : RHP Seb Alport
Batting: RHB José Rodríguez 0-0: Called Strike
0-1: Foul Ball, location: 2F
0-2: Ball
1-2: Ball
2-2: Strikes out swinging
Pitching: RHP Gil Brown
Batting: LHB Jorge Mojica 0-0: Foul Ball, location: 2F
0-1: Ball
1-1: Ball
2-1: Ball
3-1: Fly out, F8 (Flyball, 8LD)
Batting: LHB Kenny Webster 0-0: Ball
1-0: Ground out 5-3 (Groundball, 56)
Top of the 6th over - 0 runs, 0 hits, 0 errors, 0 left on base; Seattle 4 - Oakland 1
BOTTOM OF THE 6TH
Oakland Oaks batting - Pitching for Seattle Aviators : LHP Bernie Sanders
Batting: LHB David Holbrook 0-0: Called Strike
0-1: Ball
1-1: SINGLE (Groundball, 4MD)
Batting: LHB Jesús Quintanilla 0-0: Ball
1-0: Called Strike
1-1: Swinging Strike
1-2: Ball
2-2: Strikes out swinging
Batting: RHB Mike Wazowski 0-0: Ball
1-0: Foul Ball, location: 2F
1-1: Fly out, F7 (Flyball, 78D)
Batting: LHB Edwin Church 0-0: Ball
1-0: Ball
David Holbrook steals 2nd base
2-0: Ball
3-0: Called Strike
3-1: Foul Ball, location: 2F
3-2: Foul Ball, location: 2F
3-2: Strikes out swinging
Bottom of the 6th over - 0 runs, 1 hit, 0 errors, 1 left on base; Seattle 4 - Oakland 1
TOP OF THE 7TH
Seattle Aviators batting - Pitching for Oakland Oaks : RHP Gil Brown
Batting: RHB Patrick Eggen 0-0: Ball
1-0: TRIPLE (Line Drive, 78D)
Batting: RHB Seon-keun Kim 0-0: Called Strike
0-1: Ball
1-1: 2-RUN HOME RUN (Flyball, 7D), Distance : 398 ft
Batting: LHB Pedro Corona 0-0: Foul Ball, location: 2F
0-1: Foul Ball, location: 2F
0-2: Ball
1-2: Strikes out swinging
Batting: RHB Byron Isaacson 0-0: Ball
1-0: Ball
2-0: Swinging Strike
2-1: Ball
3-1: Swinging Strike
3-2: Foul Ball, location: 2F
3-2: Base on Balls
Pitching: LHP Cisco Flores
Batting: RHB Bartolo Rosas 0-0: Called Strike
0-1: Ball
1-1: Ball
2-1: Ball
3-1: Base on Balls
Byron Isaacson to second
Batting: LHB Jorge Ortíz 0-0: Fielders Choice at 2nd, 6-4 (Groundball, 56)
Byron Isaacson to third
Batting: RHB José Rodríguez 0-0: Called Strike
0-1: Ball
1-1: SINGLE (Groundball, 6MD)
Byron Isaacson scores
Jorge Ortíz to second
Runner from 2nd tries for 3rd, OUT!
Top of the 7th over - 3 runs, 3 hits, 0 errors, 1 left on base; Seattle 7 - Oakland 1
BOTTOM OF THE 7TH
Oakland Oaks batting - Pitching for Seattle Aviators : LHP Bernie Sanders
Batting: RHB Yehonatan Chazan 0-0: Fly out, F8 (Flyball, 8LM)
Batting: LHB Todd Henry 0-0: Called Strike
0-1: Foul Ball, location: 2F
0-2: Ball
1-2: Foul Ball, location: 2F
1-2: SINGLE (Flyball, 9LS)
Batting: RHB Joseph Papasogli 0-0: TRIPLE (Line Drive, 8LXD)
Todd Henry scores
Batting: SHB Luis Luquín 0-0: Ball
1-0: Called Strike
1-1: Called Strike
1-2: DOUBLE (Line Drive, 78XD)
Joseph Papasogli scores
Batting: RHB Tetsunori Kimura 0-0: Swinging Strike
0-1: Ball
1-1: Ball
2-1: Fly out, F8 (Line Drive, 8LM)
Batting: LHB David Holbrook 0-0: Called Strike
0-1: Ball
1-1: Ground out 6-3 (Groundball, 4M)
Bottom of the 7th over - 2 runs, 3 hits, 0 errors, 1 left on base; Seattle 7 - Oakland 3
TOP OF THE 8TH
Seattle Aviators batting - Pitching for Oakland Oaks : LHP Cisco Flores
Batting: LHB Jorge Mojica 0-0: Called Strike
0-1: Ball
1-1: Ball
2-1: Ground out 3-1 (Groundball, 34S)
Batting: LHB Kenny Webster 0-0: Called Strike
0-1: Called Strike
0-2: Strikes out looking
Batting: RHB Patrick Eggen 0-0: Ball
1-0: Ball
2-0: Foul Ball, location: 2F
2-1: Ball
3-1: Base on Balls
Batting: RHB Seon-keun Kim 0-0: Ball
1-0: Ball
2-0: Ball
3-0: Base on Balls
Patrick Eggen to second
Batting: LHB Pedro Corona 0-0: Swinging Strike
0-1: Ball
1-1: Swinging Strike
1-2: Ball
2-2: Fly out, F7 (Line Drive, 7D)
Top of the 8th over - 0 runs, 0 hits, 0 errors, 2 left on base; Seattle 7 - Oakland 3
BOTTOM OF THE 8TH
Oakland Oaks batting - Pitching for Seattle Aviators : LHP Bernie Sanders
Batting: LHB Jesús Quintanilla 0-0: SINGLE (Flyball, 8LS)
Batting: RHB Mike Wazowski 0-0: Called Strike
0-1: Foul Ball, location: 2F
0-2: Foul Ball, location: 2F
0-2: Strikes out looking
Batting: LHB Edwin Church 0-0: Foul Ball, location: 2F
0-1: Swinging Strike
0-2: Ball
1-2: Ball
2-2: Strikes out swinging
Batting: RHB Yehonatan Chazan 0-0: Ball
1-0: Ball
2-0: Fielders Choice at 2nd, 5-4 (Groundball, 56)
Bottom of the 8th over - 0 runs, 1 hit, 0 errors, 1 left on base; Seattle 7 - Oakland 3
TOP OF THE 9TH
Seattle Aviators batting - Pitching for Oakland Oaks : LHP Cisco Flores
Batting: RHB Byron Isaacson 0-0: Called Strike
0-1: Ball
1-1: Ball
2-1: Ball
3-1: Base on Balls
Batting: RHB Bartolo Rosas 0-0: DOUBLE (Line Drive, 7LD)
Byron Isaacson to third
Runner from 3rd tries for Home, SAFE, no throw
Batting: LHB Jorge Ortíz 0-0: Foul Ball, location: 2F
0-1: Swinging Strike
0-2: Foul Ball, location: 2F
0-2: Ball
1-2: Foul Ball, location: 2F
1-2: Ball
2-2: Foul Ball, location: 2F
2-2: SINGLE (Line Drive, 7S)
Bartolo Rosas to third
Runner from 3rd tries for Home, SAFE, no throw
Batting: RHB José Rodríguez 0-0: Called Strike
0-1: DOUBLE (Line Drive, 78M)
Jorge Ortíz to third
Batting: LHB Jorge Mojica 0-0: Ball
1-0: Called Strike
1-1: Fly out, F4 (Popup, 4M)
Batting: LHB Kenny Webster 0-0: Ball
1-0: Ball
2-0: Called Strike
2-1: Foul Ball, location: 2F
2-2: Ball
3-2: Base on Balls
Batting: RHB Patrick Eggen 0-0: Foul Ball, location: 2F
0-1: Ball
1-1: Called Strike
1-2: Foul Ball, location: 2F
1-2: Foul Ball, location: 2F
1-2: Strikes out swinging
Batting: RHB Seon-keun Kim 0-0: Swinging Strike
0-1: Ball
1-1: Foul Ball, location: 2F
1-2: Ball
2-2: Ball
3-2: Base on Balls
Jorge Ortíz scores
José Rodríguez to third
Kenny Webster to second
Batting: LHB Pedro Corona 0-0: Called Strike
0-1: Ball
1-1: Foul Ball, location: 2F
1-2: SINGLE (Line Drive, 78S)
José Rodríguez scores
Kenny Webster to third
Seon-keun Kim to second
Runner from 3rd tries for Home, SAFE, no throw
Batting: RHB Byron Isaacson 0-0: Ball
1-0: Ball
2-0: Ground out 6-3 (Groundball, 6S)
Top of the 9th over - 5 runs, 4 hits, 0 errors, 2 left on base; Seattle 12 - Oakland 3
BOTTOM OF THE 9TH
Oakland Oaks batting - Pitching for Seattle Aviators : LHP Bernie Sanders
Batting: LHB Todd Henry 0-0: Called Strike
0-1: Fly out, F6 (Popup, P)
Batting: RHB Joseph Papasogli 0-0: Ground out 6-3 (Groundball, 6)
Batting: SHB Luis Luquín 0-0: Called Strike
0-1: Ball
1-1: Swinging Strike
1-2: Foul Ball, location: 2F
1-2: Foul Ball, location: 2F
1-2: Strikes out looking
Bottom of the 9th over - 0 runs, 0 hits, 0 errors, 0 left on base; Seattle 12 - Oakland 3
Tuesday, December 19th, 2017 - OOTP Baseball 18.8 Build 76